 Dungeon Crawl Stone Soup version 0.23-a0-494-g91793a9 (webtiles) character file.

54 MalarOregon the Poker (level 3, -4/28 HPs)
             Began as a Merfolk Gladiator on Dec 3, 2018.
             Killed by divine providence
             ... invoked by an orc priest
              (14 damage)
             ... on level 2 of the Dungeon.
             The game lasted 00:02:05 (1132 turns).

MalarOregon the Poker (Merfolk Gladiator)           Turns: 1132, Time: 00:02:06

Health: -4/28      AC:  5    Str: 14    XL:     3   Next: 91%
Magic:  3/3        EV: 14    Int:  8    God:
Gold:   40         SH:  0    Dex: 15    Spells: 2/2 levels left

rFire    . . .     SeeInvis .   a - +0 trident
rCold    . . .     Gourm    .   (no shield)
rNeg     . . .     Faith    .   b - +0 leather armour
rPois    .         Spirit   .   c - +1 helmet
rElec    .         Reflect  .   (no cloak)
rCorr    .         Harm     .   (no gloves)
MR       .....                  (no boots)
Stlth    +.........             (no amulet)
HPRegen  0.09/turn              (no ring)
MPRegen  0.08/turn              (no ring)

@: no status effects
A: change form in water, swift swim, stealthy swim
a: no special abilities


You were on level 2 of the Dungeon.
You were not hungry.

You visited 1 branch of the dungeon, and saw 2 of its levels.

You collected 40 gold pieces.

Inventory:

Hand Weapons
 a - a +0 trident (weapon)
Missiles
 d - 3 throwing nets (quivered) {!f}
Armour
 b - a +0 leather armour (worn)
 c - a +1 helmet (worn)
Jewellery
 m - a cursed -5 ring of intelligence {unknown}
   (You found it on level 2 of the Dungeon)
Potions
 h - a potion of lignification {unknown}
 i - a potion of agility {unknown}
 n - a potion of resistance {unknown}
Comestibles
 e - 5 rations {!d}
 f - a chunk of flesh


   Skills:
 * Level 2.9 Fighting
 * Level 5.0 Polearms
 + Level 2.3 Throwing
 + Level 0.5 Armour
 * Level 4.7 Dodging


You had 2 spell levels left.
You didn't know any spells.
Your spell library was empty.

Dungeon Overview and Level Annotations

Branches:
Dungeon (2/15)

Altars:


Message History

You feel strangely unstable.
It was a scroll of teleportation.
Blink to where?
You are very lightly contaminated with residual magic.
As you read the scroll labeled HOF KIMEFRUSIPN, it crumbles to dust.
It was a scroll of blinking.
As you read the scroll labeled RUN ZEGIQU, it crumbles to dust.
You smell pepper.
It was a scroll of random uselessness.
Your surroundings suddenly seem different.
Some of the chunks of flesh in your inventory have rotted away.
Found a faded altar of an unknown god.
Your magical contamination has completely faded away.
Found a mace.
You see here a mace.
As you open the door, it creaks loudly!
A giant cockroach comes into view.
You hear a shout! x2 2 orcs and an orc priest come into view.
The orc priest shouts!
The orc shouts! x2
A quokka comes into view.
The orc closely misses you.
There is an open door here.
You closely miss the orc. The orc closely misses you.
The giant cockroach barely misses you.
You closely miss the orc. The orc closely misses you.
The giant cockroach completely misses you.
The orc hits you with a +0 flail!
You hit the orc. The orc misses you. The giant cockroach barely misses you.
The orc barely misses you.
You closely miss the orc. The giant cockroach bites you.
The orc closely misses you.
The orc priest looks encouraged for a moment.
The orc closely misses you.
You closely miss the orc. The giant cockroach closely misses you.
The orc hits you but does no damage. The giant cockroach bites you.
You barely miss the orc. The orc misses you. The orc closely misses you.
The giant cockroach misses you.
You closely miss the orc. The orc barely misses you.
The orc hits you with a +0 flail!
* * * LOW HITPOINT WARNING * * *
The giant cockroach completely misses you.
The giant cockroach closely misses you.
You see here a mace.
The giant cockroach closely misses you.
The giant cockroach waves its antennae.
The giant cockroach bites you.
* * * LOW HITPOINT WARNING * * *
The orc priest calls down the wrath of Beogh upon you.
Beogh smites you!
Ouch! That really hurt!
You die...

####........# #.# #..........
...'........# ####.###.÷........
####....)..## #......)..........
#.....).# #................. #
##.......# #.........########
###....<...# #.........#
#..........#####.........####
..#...........##.........##.#
###.........#..#@s.o.o.o....#
...........#...........r.##.#
###..........♣.....(.....##.#....
##.....♣♣♣♣♣♣..........##o#....
#..♣♣♣♣ ♣.♣♣.........##.#....
#...♣ ♣♣♣....##########o#....
#...♣♣♣♣..♣♣..## #o#....
#...♣♣.♣♣♣.♣...# #r#r...
#...♣♣♣.♣♣.♣...# #.#....


You could see an orc priest, 2 orcs, a quokka and a giant cockroach.

Vanquished Creatures
  2 dart slugs
  2 leopard geckos (D:1)
  10 bats
  2 giant cockroaches
  2 hobgoblins (D:1)
  7 jackals
  A frilled lizard (D:1)
  2 goblins (D:1)
  9 kobolds
  8 rats
45 creatures vanquished.

Notes
Turn   | Place    | Note
-------+----------+-------------------------------------------
     0 | D:1      | MalarOregon the Merfolk Gladiator began the quest for the
                  | Orb.
     0 | D:1      | Reached XP level 1. HP: 16/16 MP: 1/1
   110 | D:1      | Reached XP level 2. HP: 23/23 MP: 2/2
   333 | D:1      | Reached XP level 3. HP: 20/28 MP: 3/3
   462 | D:1      | Reached skill level 5 in Polearms
  1068 | D:2      | Found a faded altar of an unknown god.
  1132 | D:2      | Killed from afar by an orc priest

Vault maps used:
D:1:      lemuel_arrival_rhombus, minmay_box_of_dots
D:2:      old_standard_altar, old_standard_altar, first_ration,
          chequers_ecumenical_altar_grove, makhleb_altar_promises_db

Skill      XL: |  1  2  3 |
---------------+----------+-----
Polearms       | 5 |  5.0
Fighting       | |  2.9
Throwing       | |  2.3
Armour         | |  0.5
Dodging        | |  4.7

Action                   || total
-------------------------++-------
Melee: Trident           ||   146
  Use: Scroll            ||     5
 Stab: Sleeping          ||     3
  Eat: Chunk             ||     1
Armor: Leather armour    ||    35
Dodge: Dodged            ||   143

Table legend:
 A = Non-vault XP
 B = Vault XP
 C = Vault XP percentage of total XP
 D = Non-vault monster count
 E = Vault monster count
 F = Vault count percentage of total count
                 A         B        C        D         E       F
            +---------+---------+-------+---------+---------+-------
      Total |      72 |       6 |   7.7 |      42 |       3 |   6.7
            +---------+---------+-------+---------+---------+-------
        D:1 |      49 |       6 |  10.9 |      30 |       3 |   9.1
        D:2 |      23 |       0 |   0.0 |      12 |       0 |   0.0
            +---------+---------+-------+---------+---------+-------
